Map: Dusk Towers

Players

Miszu

  • Race: Terran Terran
  • League: Grandmaster

ArT - Winner!

  • Race: Protoss Protoss
  • League: Grandmaster

VOD

Have the link to the VOD?

Description

Time

  • Played on: Feb. 21, 2016, 1:12 p.m.
  • Length: 5:52
Show
View Real Time Build Order
Export as new Build Order

Miszu Terran 

Build Orders: Command Center First (CC) 

Get SALT Encoding   

  12  0:00  SCV  
  13  0:12  SCV  
  14  0:17  Supply Depot  
  14  0:25  SCV  
  15  0:38  SCV  
  16  0:50  SCV  
  17  0:58  Command Center  
  17  1:03  SCV  
  18  1:15  Barracks, SCV  
  19  1:27  SCV  
  19  1:29  Barracks  
  20  1:40  SCV  
  20  1:43  Barracks  
  21  1:52  SCV  
  22  2:03  Marine  
  22  2:04  Orbital Command  
  23  2:12  Orbital Command  
  23  2:15  Marine  
  23  2:21  Marine  
  26  2:30  SCV  
  26  2:31  Marine  
  26  2:33  Refinery  
  26  2:34  Marine, Refinery  
  28  2:37  SCV  
  28  2:39  Marine  
  28  2:42  SCV  
  31  2:49  Supply Depot, Marine  
  31  2:50  SCV  
  33  2:53  Marine  
  33  2:54  SCV  
  33  2:57  Marine  
  36  3:02  SCV  
  37  3:06  SCV  
  37  3:07  Barracks Tech Lab  
  37  3:11  Supply Depot, Marine  
  39  3:14  SCV  
  39  3:15  Marine  
  41  3:25  SCV  
  41  3:27  Marine  
  42  3:28  Stimpack  
  42  3:29  Marine  
  42  3:30  SCV  
  42  3:33  Marine  
  46  3:37  Supply Depot  
  46  3:39  SCV  
  47  3:42  SCV  
  47  3:44  Marine  
  47  3:46  Supply Depot  
  47  3:47  Marine  
  50  3:51  Marine, SCV  
  50  3:54  SCV  
  50  3:55  Factory  
  53  4:01  Engineering Bay  
  53  4:03  SCV  
  53  4:05  Refinery  
  53  4:06  SCV  
  55  4:16  Barracks Reactor, Barracks Tech Lab, SCV  
  55  4:19  SCV  
  56  4:28  SCV  
  56  4:31  SCV  
  58  4:33  Command Center  
  58  4:36  Supply Depot  
  58  4:40  SCV  
  58  4:42  Marauder  
  58  4:43  Marauder, Widow Mine, SCV  
  62  4:49  Starport  
  62  4:57  Supply Depot x2  
  62  4:58  Supply Depot  
  62  5:04  Marine  
  62  5:06  Marauder  
  62  5:14  Marine  
  56  5:19  Marine  
  48  5:22  Marauder  
  48  5:27  Marauder  
  45  5:32  Marine  
Show
View Real Time Build Order
Export as new Build Order

ArT Protoss - Winner!

Build Orders: 1 Gate Expand 

Get SALT Encoding   

  12  0:02  Probe (Chrono Boost)  
  13  0:12  Probe (Chrono Boost)  
  14  0:17  Pylon  
  14  0:23  Probe (Chrono Boost)  
  16  0:35  Probe (Chrono Boost)  
  16  0:36  Gateway  
  16  0:44  Assimilator  
  16  0:46  Probe (Chrono Boost)  
  17  0:56  Probe (Chrono Boost)  
  18  1:07  Probe (Chrono Boost)  
  19  1:22  Nexus  
  19  1:26  Probe (Chrono Boost)  
  20  1:39  Cybernetics Core, Probe (Chrono Boost)  
  21  1:46  Assimilator  
  21  1:51  Probe (Chrono Boost)  
  22  2:00  Pylon  
  23  2:01  Probe (Chrono Boost)  
  23  2:18  Adept (Chrono Boost), Warp Gate, Probe  
  26  2:26  Robotics Facility  
  26  2:30  Probe (Chrono Boost)  
  26  2:33  Probe (Chrono Boost)  
  28  2:42  Adept (Chrono Boost)  
  30  2:44  Probe (Chrono Boost)  
  30  2:45  Probe (Chrono Boost)  
  32  2:55  Probe (Chrono Boost)  
  32  2:56  Probe (Chrono Boost)  
  35  3:05  Probe (Chrono Boost)  
  35  3:14  Immortal (Chrono Boost), Probe (Chrono Boost)  
  40  3:20  Pylon, Probe  
  41  3:28  Probe  
  41  3:31  Gateway  
  42  3:34  Gateway  
  42  3:43  Gateway  
  42  3:51  Immortal (Chrono Boost)  
  46  4:00  Gateway  
  46  4:06  Probe  
  46  4:07  Probe  
  48  4:12  Pylon  
  48  4:20  Immortal (Chrono Boost)  
  48  4:23  Stalker  
  54  4:32  Gateway  
  54  4:33  Stalker x2  
  58  4:44  Stalker  
  60  4:49  Stalker  
  62  4:58  Pylon  
  62  5:00  Pylon  
  60  5:13  Stalker x3  
  54  5:21  Adept  
  54  5:26  Adept  
  52  5:29  Probe x2  
  52  5:37  Adept, Stalker x2  
  52  5:38  Stalker  
  56  5:46  Stalker x2  
Tags
 
Add a new tag
Caveats
  • Supply blocks, unpowered buildings, or Contaminate may cause inaccurate times.
  • Supply counts are checked every 10 seconds.